 Dungeon Crawl Stone Soup version 0.30-a0-50-gb2d611f6b1 (webtiles) character file.

Game seed: 15918322596709431203

448601 scionoferis the Naga Blade (level 24, 0/225 HPs)
             Began as a Naga Warper on Sept 3, 2022.
             Was a High Priest of Wu Jian.
             Slain by a vampire knight
             ... wielding a +0 long sword
              (14 damage)
             ... on level 1 of the Crypt on Sept 4, 2022.
             The game lasted 05:40:31 (64300 turns).

scionoferis the Naga Blade (Naga Warper)           Turns: 64300, Time: 05:40:31

Health: 0/225      AC: 38    Str: 22    XL:     24   Next: 25%
Magic:  44/44      EV: 16    Int: 19    God:    Wu Jian [*****.]
Gold:   3249       SH:  0    Dex: 18    Spells: 20/39 levels left

rFire   + + +      SeeInvis +    a - +6 triple sword (vorpal)
rCold   + + +      Faith    .    (shield currently unavailable)
rNeg    + . .      Spirit   .    Z - +11 scale mail of Day {Int+3}
rPois   +          Reflect  .    n - +1 hat of the Grue {rPois rC+ Regen+ Slay+2}
rElec   +          Harm     +    J - +2 cloak {Stlth+}
rCorr   +          Rampage  .    O - +2 pair of gloves "Puotzyps" {Harm Fly rF++ rN+}
Will    ++...                    (no barding)
Stlth   ++++......               H - amulet of Vitality {RegenMP++ Regen++}
HPRegen 2.87/turn                f - ring "Kenu" {rElec Will+ MP+9}
MPRegen 1.09/turn                I - ring of Edyafuecs {rC+ Str+6}

@: resistant, weak-willed, flying, studying 2 skills, very slow
A: AC +8, large, see invisible, deformed body, poison resistance, slowness 2,
spit poison 1, naga tail 2, iridescent scales 2
}: 2/15 runes: decaying, gossamer
a: Spit Poison, Renounce Religion, Wall Jump, Serpent's Lash, Heavenly Storm


You were on level 1 of the Crypt.
You worshipped Wu Jian.
Wu Jian was extremely pleased with you.
You visited 9 branches of the dungeon, and saw 41 of its levels.
You visited 1 bazaar.
You also visited: Ossuary, Gauntlet and Ice Cave.

You collected 5298 gold pieces.
You spent 2049 gold pieces at shops.

Inventory:

Hand Weapons
 a - a +6 vorpal triple sword (weapon)
 b - the +9 sling of Doom {freeze, Str+4}
   (You bought it in a shop on level 10 of the Dungeon)

   Any ammunition fired from it freezes those it strikes, dealing additional
   cold damage.
   It can also slow down cold-blooded creatures.
   Str:       It affects your strength (+4).
 d - the +6 dagger "Hofofim" {flame, MP+9}
   (You found it on level 3 of the Spider Nest)

   It burns those it strikes, dealing additional fire damage.
   MP:        It affects your magic capacity (+9).
 h - a +2 great sword of flaming
Missiles
 s - 6 throwing nets
 u - 24 javelins
 A - 9 curare-tipped darts
 K - 9 silver javelins
 Q - 61 poisoned darts
 S - 3 boomerangs
Armour
 n - the +1 hat of the Grue (worn) {rPois rC+ Regen+ Slay+2}
   (You found it on level 4 of the Spider Nest)

   Slay:      It affects your accuracy & damage with ranged weapons and melee
   (+2).
   rC:        It protects you from cold.
   rPois:     It protects you from poison.
   Regen:     It increases your rate of health regeneration.
 J - a +2 cloak of stealth (worn)
 O - the +2 pair of gloves "Puotzyps" (worn) {Harm Fly rF++ rN+}
   (You found it in a Gauntlet)

   rF:        It greatly protects you from fire.
   rN:        It protects you from negative energy.
   Fly:       It grants you flight.
   Harm:      It increases damage dealt and taken.
 Z - the +11 scale mail of Day (worn) {Int+3}
   (You bought it in a shop on level 2 of the Orcish Mines)

   Int:       It affects your intelligence (+3).
Jewellery
 f - the ring "Kenu" (left hand) {rElec Will+ MP+9}
   (You found it on level 1 of the Spider Nest)

   [ring of willpower]

   rElec:     It insulates you from electricity.
   MP:        It affects your magic capacity (+9).
   Will:      It increases your willpower.
 k - the ring "Gohat Yva" {rN+ EV+4}
   (You found it on level 13 of the Dungeon)

   [ring of evasion]

   EV:        It affects your evasion (+4).
   rN:        It protects you from negative energy.
 o - a +6 ring of dexterity
 z - a ring of resist corrosion
 H - the amulet of Vitality (around neck) {RegenMP++ Regen++}
   (You found it on level 3 of the Elven Halls)

   [amulet of magic regeneration]

   It increases your rate of magic regeneration.
   Regen:     It increases your rate of health regeneration.
 I - the ring of Edyafuecs (right hand) {rC+ Str+6}
   (You found it in a Gauntlet)

   [ring of strength]

   Str:       It affects your strength (+6).
   rC:        It protects you from cold.
 X - a ring of protection from fire
Wands
 v - a wand of light (35)
 x - a wand of charming (64)
 D - a wand of mindburst (37)
 P - a wand of roots (59)
 T - a wand of flame (69)
 V - a wand of digging (21)
Scrolls
 c - 8 scrolls of blinking
 i - 4 scrolls of summoning
 r - 8 scrolls of fear
 t - 11 scrolls of butterflies
 w - 3 scrolls of amnesia
 B - a scroll of silence
 N - 9 scrolls of poison
 R - 10 scrolls of teleportation
 U - 7 scrolls of magic mapping
Potions
 e - 11 potions of brilliance
 g - 5 potions of magic
 j - 10 potions of heal wounds
 m - 3 potions of berserk rage
 q - 8 potions of might
 C - 21 potions of curing
 F - 6 potions of invisibility
 G - 9 potions of haste
 L - 7 potions of resistance
 M - 7 potions of cancellation
Miscellaneous
 l - a lightning rod (4/4)
 p - a phantom mirror
 W - a condenser vane


   Skills:
 + Level 15.1 Fighting
 - Level 22.0 Long Blades
 + Level 11.9 Ranged Weapons
 - Level 0.8 Throwing
 + Level 15.1 Armour
 + Level 15.1 Dodging
 - Level 10.0 Stealth
 - Level 8.0 Spellcasting
 - Level 18.0 Translocations
 - Level 5.0 Transmutations
 - Level 9.0 Evocations


You had 20 spell levels left.
You knew the following spells:

 Your Spells              Type           Power      Damage    Failure   Level
a - Blink                 Tloc           100%       N/A       0%          2
b - Lesser Beckoning      Tloc           66%        N/A       1%          3
c - Manifold Assault      Tloc           66%        N/A       1%          5
d - Wereblood             Tmut           26%        N/A       3%          2
e - Dispersal             Tloc           33%        N/A       1%          6
f - Apportation           Tloc           100%       N/A       0%          1

Your spell library contained the following spells:

 Spells                   Type           Power      Damage    Failure   Level
 Gell's Gravitas          Tloc           66%        N/A       1%          3
 Portal Projectile        Hex/Tloc       82%        N/A       1%          3
 Teleport Other           Tloc           66%        N/A       1%          3
 Iskenderun's Mystic Bla  Conj/Tloc      41%        2d9       4%          4
 Passwall                 Tmut/Erth      14%        N/A       10%         2
 Foxfire                  Conj/Fire      28%        2x1d5     19%         1
 Sandblast                Erth           14%        2d6       19%         1
 Shock                    Conj/Air       28%        1d4       19%         1
 Slow                     Hex            28%        N/A       19%         1
 Summon Small Mammal      Summ           28%        N/A       19%         1
 Scorch                   Fire           14%        2d5       26%         2
 Static Discharge         Conj/Air       14%        3-4/arc   26%         2
 Sublimation of Blood     Necr           7%         N/A       26%         2
 Ignite Poison            Fire/Tmut/Pois 13%        N/A       28%         3
 Confusing Touch          Hex            7%         N/A       47%         3
 Conjure Flame            Conj/Fire      7%         6-21      47%         3
 Dazzling Flash           Conj/Hex       14%        N/A       47%         3
 Inner Flame              Hex/Fire       7%         N/A       47%         3
 Mephitic Cloud           Conj/Pois/Air  7%         N/A       47%         3
 Stone Arrow              Conj/Erth      14%        3d7       47%         3
 Swiftness                Air            7%         N/A       47%         3
 Tukima's Dance           Hex            7%         N/A       47%         3
 Vampiric Draining        Necr           7%         2d6       47%         3
 Ice Form                 Ice/Tmut       17%        N/A       54%         4
 Petrify                  Tmut/Erth      17%        N/A       54%         4
 Blade Hands              Tmut           13%        N/A       54%         5
 Disjunction              Tloc           33%        N/A       58%         8
 Airstrike                Air            3%         2d(1-17)  87%         4
 Dispel Undead            Necr           7%         3d8       87%         4
 Flame Wave               Conj/Fire      7%         2d5       87%         4
 Fulminant Prism          Conj/Hex       3%         3d6       87%         4
 Hailstorm                Conj/Ice       7%         3d4       87%         4
 Leda's Liquefaction      Hex/Erth       3%         N/A       87%         4
 Sticky Flame             Conj/Fire      7%         2d3       87%         4
 Alistair's Intoxication  Tmut/Pois      11%        N/A       87%         5
 Malign Gateway           Summ/Tloc      20%        N/A       98%         7
 Freezing Cloud           Conj/Ice/Air   3%         6-21      99%         5
 Lee's Rapid Deconstruct  Erth           3%         3d6*      99%         5
 Metabolic Englaciation   Hex/Ice        3%         N/A       99%         5
 Simulacrum               Ice/Necr       3%         N/A       100%        6
 Starburst                Conj/Fire      3%         6d3       100%        6
 Statue Form              Tmut/Erth      11%        N/A       100%        6
 Summon Cactus Giant      Summ           3%         N/A       100%        6
 Summon Hydra             Summ           3%         N/A       100%        7
 Summon Horrible Things   Summ           3%         N/A       100%        8
 Chain Lightning          Conj/Air       3%         3d4       100%        9
 Fire Storm               Conj/Fire      3%         8d1       100%        9
 Polar Vortex             Ice            3%         N/A       100%        9
 Shatter                  Erth           3%         3d7*      100%        9


Dungeon Overview and Level Annotations

Branches:
Dungeon (15/15)            Temple (0/1) D:7            Lair (4/5) D:11
  Swamp (4/4) Lair:2       Spider (4/4) Lair:2        Slime (0/5) Lair:4
    Orc (2/2) D:12            Elf (3/3) Orc:2        Vaults (4/5) D:13
  Crypt (1/3) Vaults:2     Depths (4/4) D:15            Zot (0/5) Depths:4
Ossuary (visited)           IceCv (visited)         Gauntlet (visited)

Altars:
Ashenzari
Cheibriados
Fedhas
Gozag
Kikubaaqudgha
Makhleb
Okawaru
Qazlal
Sif Muna
Trog
Uskayaw
Vehumet
Wu Jian
Yredelemnul
Zin
The Shining One
Jiyva

Shops:
D:7 [   D:8 :   D:10 (   D:12 (   Orc:2 [(*:   Elf:1 =   Vaults:2 *
Vaults:3 !   Vaults:4 (   Depths:3 :=:

Portals:
Hell: Depths:1 Depths:2 Depths:3 Depths:4
Abyss: Depths:1 Depths:3
Pandemonium: Depths:1 Depths:2
Ziggurat: Depths:1
Trove: Vaults:3 (give +7 demon blade)

Annotations:
Vaults:4 exclusion: 3 downstairs
Crypt:1 Vv


Innate Abilities, Weirdness & Mutations

Your serpentine skin is tough. (AC +8)
You have supernaturally acute eyesight. (SInv)
Armour fits poorly on your strangely shaped body.
Your system is resistant to poisons. (rPois)
You cover ground very slowly.
You can spit poison.
You can use your snake-like lower body to constrict enemies.
You are mostly covered in iridescent scales. (AC +4)


Message History

The vampire knight barely misses you.
You slice Vv!!
Vv is almost destroyed.
You constrict Vv!
The green draconian zombie struggles to get unstuck from the web.
The vampire knight misses you.
The vampire knight bites you but does no damage.
You hit Vv.
Vv is almost destroyed.
You constrict Vv. Vv closely misses you. Vv hits you!!
You are engulfed in flames.
You resist. The phantasmal warrior hits you!!
* * * LOW HITPOINT WARNING * * *
The vampire knight barely misses you. The vampire knight bites you.
* * * LOW HITPOINT WARNING * * *
The green draconian zombie struggles to get unstuck from the web.
You hit Vv but do no damage.
Vv is almost destroyed.
You constrict Vv! The vampire knight misses you. x2
The phantasmal warrior hits you!
* * * LOW HITPOINT WARNING * * *
Your willpower is stripped away!
Vv misses you. Vv closely misses you.
You feel much better.
You feel less exhausted.
You constrict Vv, but do no damage.
The vampire knight hits you with a +0 long sword!
* * * LOW HITPOINT WARNING * * *
The vampire knight bites you.
* * * LOW HITPOINT WARNING * * *
The green draconian zombie struggles to get unstuck from the web.
The phantasmal warrior closely misses you.
Vv barely misses you. Vv hits you!!
* * * LOW HITPOINT WARNING * * *
You are engulfed in flames.
You resist.
* * * LOW HITPOINT WARNING * * *
You feel much better.
You constrict Vv, but do no damage.
The vampire knight hits you with a +0 long sword!
* * * LOW HITPOINT WARNING * * *
The vampire knight bites you but does no damage.
The vampire knight hits you with a +0 long sword!
You die...

... .... #######
... ###8.⌠.8### #..
#8......^8# #..
##^........##
#.#####8..W...⌠.^8#
#...'Z...)V@......#
#...'.....9......⌠#
#.#.'^.^........^.#
#V#####8..⌠...⌠..8#
#9# ##........^##
#.# #8^^....^8#
..9....#
###8.⌠.8###
.......# #######
#.##...#


You could see Vv, a vampire knight (fast, invisible), a phantasmal warrior and a
green draconian zombie (webbed).

Vanquished Creatures
  2 juggernauts
  The ghost of Jeirass the Slayer, a legendary FoFi of Ru (Vaults:1)
  The ghost of Switch the Slayer, a veteran DDFi of Makhleb (Vaults:3)
  Frederick (Vaults:2)
  Nikola (Vaults:1)
  Jory (Crypt:1)
  The ghost of Wicel the Warrior, an adept MiBe of Trog (Elf:2)
  the Enchantress (Depths:2)
  Arachne (Spider:1)
  Jorgrun (Spider:2)
  A tentacled monstrosity (Swamp:2)
  Asterion (Vaults:2)
  3 liches
  2 deep elf blademasters (Elf:3)
  2 sphinxes
  2 deep elf master archers (Elf:3)
  The ghost of Dermit the Severer, an adept DsBe of Trog (Spider:1)
  The ghost of Pooter the Severer, an adept MiBe of Trog (Elf:1)
  Kirke (Lair:4)
  Donald (Spider:1)
  2 tengu reavers
  3 thorn hunters
  2 revenants
  8 fire giants
  3 shadow dragons
  A draconian knight (Depths:4)
  5 fenstrider witches
  7 vault wardens
  A rockslime (Vaults:3)
  An azure jelly (Vaults:2)
  8 frost giants
  4 emperor scorpions
  7 deep elf sorcerers
  An iron dragon (Depths:3)
  A balrug (Depths:2)
  Aizul (Spider:1)
  A draconian scorcher (Depths:4)
  2 orc warlords
  4 ghost moths
  24 very ugly things
  4 ghouls
  5 spriggan defenders
  4 deep elf elementalists (Elf:3)
  A quicksilver ooze (Vaults:3)
  18 ironbound preservers
  The ghost of Jeffwins the Markshuman, a journeyman HuHu of Okawaru (D:12)
  3 broodmothers
  2 war gargoyles
  4 ironbound thunderhulks
  2 green draconians (Depths:4)
  The ghost of Jekitz the Severer, a journeyman MiBe of Trog (D:14)
  5 stone giants
  A broodmother (shapeshifter) (D:13)
  3 deep elf demonologists
  3 vampire knights
  A lorocyproca (Depths:1)
  8 bunyips
  5 deep elf annihilators
  A red draconian (Depths:4)
  7 spark wasps
  2 black draconians (Depths:4)
  4 eleionomae (Swamp:4)
  A minotaur (Gauntlet)
  7 entropy weavers
  8 dire elephants
  A green death (Swamp:4)
  2 crystal guardians
  A white draconian (Depths:4)
  A blizzard demon (Swamp:4)
  A merfolk impaler (Depths:1)
  A merfolk javelineer (Depths:3)
  11 fire dragons
  6 deep elf death magi (Elf:3)
  3 jiangshi (Depths:3)
  9 yaktaur captains
  7 ettins
  A shambling mangrove (Swamp:4)
  2 deep elf high priests (Elf:3)
  5 great orbs of eyes
  A vault guard (Vaults:2)
  5 rakshasas
  13 hydras
  2 peacekeepers
  7 spriggan air magi
  11 ice dragons
  12 boulder beetles
  4 jorogumos
  7 ironbound frosthearts
  16 centaur warriors
  4 deep troll shamans
  2 radroaches (Spider:4)
  5 ogre magi
  16 two-headed ogres
  8 alligators
  10 deep troll earth magi
  26 dancing weapons
  2 orc high priests
  3 vampire magi
  7 tengu warriors
  The ghost of Newt the Cleaver, a novice DsGl of Gozag (D:9)
  Urug (D:13)
  6 death yaks (IceCv)
  7 spriggan berserkers
  8 spriggans
  14 hell knights
  3 soul eaters
  2 sun demons (Depths:2)
  21 deep elf knights
  A skeletal warrior (D:12)
  4 goliath frogs
  A wretched star (Gauntlet)
  3 iron trolls
  A golden dragon zombie (Vaults:4)
  A sixfirhy (Swamp:4)
  7 pharaoh ants
  5 sun moths
  5 spriggan druids
  3 death drakes
  59 deep trolls
  3 flayed ghosts
  8 large abominations (Depths:3)
  8 steelbarb worms
  A swamp dragon (shapeshifter) (Depths:4)
  3 glowing orange brains
  2 orange crystal statues
  An orb spider (shapeshifter) (Vaults:3)
  2 bog bodies
  7 swamp dragons
  12 orb spiders
  4 necromancers
  14 deep elf archers
  8 wizards
  5 harpies (Vaults:1)
  13 ironbound convokers
  3 phantasmal warriors
  5 lindwurms
  37 deep elf pyromancers
  9 orc sorcerers
  41 ugly things
  15 wolf spiders
  2 oklob plants (Spider:2)
  26 deep elf zephyrmancers
  5 manticores
  4 moths of wrath
  A stone giant zombie (Vaults:4)
  4 cyclopes
  6 will-o-the-wisps
  3 elephants (Lair:2)
  A black mamba (Lair:2)
  Joseph (D:7)
  An eye of devastation (Vaults:3)
  The ghost of HilariousDeathArtist the Magician, a novice MeSu of Qazlal (D:8)
  16 vault sentinels
  A rust devil (Depths:1)
  5 orange demons
  An ice statue (IceCv)
  10 cane toads
  6 torpor snails
  2 gargoyles
  9 rime drakes
  Psyche (D:10)
  7 unseen horrors
  8 komodo dragons
  7 demonic crawlers
  A tengu conjurer (Depths:2)
  A minotaur zombie (Gauntlet)
  33 yaktaurs
  A freezing wraith (D:15)
  An anaconda simulacrum (Lair:4)
  A red devil (Depths:1)
  4 kobold demonologists (D:11)
  A hellwing (Depths:1)
  10 trolls
  4 meliai
  5 polar bears
  20 hornets
  5 tyrant leeches
  24 tarantellas
  13 blink frogs
  21 slime creatures
  3 dream sheep (Lair:2)
  An ettin skeleton (Vaults:4)
  A stone giant simulacrum (Vaults:4)
  Sigmund (D:5)
  24 culicivoras
  29 jumping spiders
  4 shadows
  9 water elementals
  2 air elementals
  7 basilisks
  Eustachio (D:6)
  5 neqoxecs
  54 yaks
  A hog (Lair:4)
  A wraith (D:13)
  4 small abominations (Depths:3)
  6 wyverns
  4 chaos spawn
  2 fire elementals (Elf:3)
  16 humans (D:13)
  61 redbacks
  5 steam dragons
  7 vampire mosquitoes
  12 swamp worms
  A swamp worm (shapeshifter) (Vaults:1)
  3 wargs
  2 acid dragons
  2 glowing shapeshifter zombies (Vaults:4)
  5 water moccasins
  3 hydra simulacra (Lair:4)
  A water moccasin (shapeshifter) (D:14)
  A floating eye (shapeshifter) (Depths:2)
  A floating eye (Vaults:3)
  6 swamp drakes
  2 ice beasts
  24 orc warriors
  2 sky beasts (D:7)
  2 black bears
  20 wolves
  24 ogres
  8 centaurs
  A phantom (D:4)
  Blork the orc (D:5)
  2 kobold brigands
  2 necrophages
  A gnoll sergeant (D:12)
  An ogre simulacrum (Vaults:4)
  14 bullfrogs
  6 earth elementals
  3 scorpions (D:5)
  12 wights
  8 killer bees
  3 electric eels
  3 howler monkeys (D:9)
  2 centaur zombies (D:8)
  6 hounds
  23 orc priests
  2 jellies (D:8)
  3 gnoll boudas
  Jessica (D:3)
  28 orc wizards
  4 iguanas
  A spectral killer bee (D:8)
  A bullfrog simulacrum (Lair:4)
  9 mummies
  A howler monkey skeleton (D:8)
  13 adders
  22 gnolls
  3 shadow imps
  A white imp (D:8)
  A worm (D:2)
  2 dart slugs
  105 orcs
  3 bats
  9 endoplasms
  6 giant cockroaches
  4 goblins
  6 hobgoblins
  5 jackals (D:4)
  5 quokkas
  3 training dummies (D:12)
  7 ball pythons
  A frilled lizard (D:1)
  A gnoll zombie (Ossuary)
  4 hobgoblin zombies (Ossuary)
  16 kobolds
  A kobold zombie (Ossuary)
  2 orc zombies (Ossuary)
  2 rats
1779 creatures vanquished.

Vanquished Creatures (others)
  A vault warden (Vaults:4)
  2 deep elf knights
  A deep elf pyromancer (Swamp:4)
  An air elemental (Elf:2)
  A water elemental (Elf:2)
  A redback (Spider:4)
  An orc (Orc:1)
  22 foxfires
  21 fungi
  60 plants
111 creatures vanquished.

Grand Total: 1890 creatures vanquished

Notes
Turn   | Place    | Note
-------+----------+-------------------------------------------
     0 | D:1      | scionoferis the Naga Warper began the quest for the Orb.
     0 | D:1      | Reached XP level 1. HP: 19/19 MP: 3/3
   235 | D:1      | Reached XP level 2. HP: 26/26 MP: 5/5
   238 | D:1      | Learned a level 2 spell: Blink
   314 | D:1      | Reached skill level 3 in Long Blades
   837 | D:1      | Reached XP level 3. HP: 32/32 MP: 6/6
  1180 | D:2      | Reached skill level 4 in Long Blades
  1234 | D:2      | Reached XP level 4. HP: 35/39 MP: 7/7
  1644 | D:2      | Identified the +7 dagger of Propriety {drain, Int+7}
  1791 | D:2      | Reached skill level 5 in Long Blades
  1827 | D:2      | Reached XP level 5. HP: 38/45 MP: 8/8
  2388 | D:3      | Found a faded altar of an unknown god.
  2392 | D:3      | Found a glowing silver altar of Zin.
  2441 | D:3      | Reached skill level 6 in Long Blades
  2441 | D:3      | Reached XP level 6. HP: 48/52 MP: 9/9
  2478 | D:3      | Noticed Jessica
  2485 | D:3      | Killed Jessica
  2730 | D:3      | Found a shimmering blue altar of Sif Muna.
  2745 | D:3      | Got Sif Muna's Codex of Assembling
  2767 | D:3      | Found an ancient bone altar of Kikubaaqudgha.
  2774 | D:3      | Found a radiant altar of Vehumet.
  2908 | D:3      | Reached skill level 7 in Long Blades
  3073 | D:4      | Noticed a black bear
  3080 | D:4      | Killed a black bear
  3081 | D:4      | Reached XP level 7. HP: 55/60 MP: 10/10
  3520 | D:4      | Reached skill level 1 in Evocations
  3748 | D:4      | Noticed a +0 dagger
  3749 | D:4      | Noticed a +0 falchion
  3750 | D:4      | Noticed a +0 spear
  3750 | D:4      | Noticed a +0 spear
  3751 | D:4      | Noticed a +0 dagger
  3752 | D:4      | Noticed a +0 short sword
  3752 | D:4      | Noticed a +0 falchion
  3752 | D:4      | Noticed a +0 short sword
  3754 | D:4      | Found a hide-covered altar of Uskayaw.
  3787 | D:4      | Reached skill level 8 in Long Blades
  4494 | D:5      | Entered Level 5 of the Dungeon
  4503 | D:5      | Found a sand-covered staircase.
  4522 | Ossuary  | Entered an ossuary
  4859 | Ossuary  | Reached XP level 8. HP: 69/69 MP: 11/11
  4925 | Ossuary  | Gained mutation: You are partially covered in iridescent
                  | scales. (AC +2) [potion of mutation]
  4925 | Ossuary  | Gained mutation: You are mostly covered in iridescent
                  | scales. (AC +4) [potion of mutation]
  5050 | D:5      | Noticed Blork the orc
  5067 | D:5      | Killed Blork the orc
  5491 | D:5      | Noticed Sigmund
  5501 | D:5      | Killed Sigmund
  5502 | D:5      | Reached skill level 9 in Long Blades
  6165 | D:6      | Noticed Eustachio
  6180 | D:6      | Killed Eustachio
  6181 | D:6      | Reached XP level 9. HP: 79/79 MP: 12/12
  6422 | D:6      | Reached skill level 5 in Fighting
  6422 | D:6      | Reached skill level 10 in Long Blades
  7490 | D:7      | Reached skill level 5 in Evocations
  7601 | D:7      | Noticed Joseph
  7645 | D:7      | Found an ornate altar of the Wu Jian Council.
  7651 | D:7      | Became a worshipper of the Wu Jian Council
  7690 | D:7      | Found a staircase to the Ecumenical Temple.
  7720 | D:7      | Killed Joseph
  7721 | D:7      | Reached skill level 11 in Long Blades
  7817 | D:7      | Reached XP level 10. HP: 91/91 MP: 13/13
  8091 | D:7      | Found Rotatuyh's Antique Armour Emporium.
  8265 | D:8      | Found a bloodstained altar of Trog.
  8633 | D:8      | Found an iron altar of Okawaru.
  8638 | D:8      | Found a basalt altar of Yredelemnul.
  8638 | D:8      | Found an opulent altar of Gozag.
  9042 | D:8      | Found Ubbyat's Book Emporium.
  9113 | D:8      | Reached * piety under Wu Jian
  9268 | D:8      | Found a runed translucent gate.
  9268 | D:8      | Found a runed translucent gate.
  9268 | D:8      | Noticed HilariousDeathArtist's ghost (novice MeSu)
  9269 | D:8      | Found a runed translucent gate.
  9320 | D:8      | Reached skill level 12 in Long Blades
 10137 | D:9      | Found a burning altar of Makhleb.
 10137 | D:9      | Noticed a balrug
 10225 | D:9      | Found a runed translucent gate.
 10225 | D:9      | Found a runed translucent gate.
 10225 | D:9      | Found a runed translucent gate.
 10226 | D:9      | Noticed Newt's ghost (novice DsGl)
 10518 | D:9      | Found a blossoming altar of Fedhas.
 10912 | D:10     | Entered Level 10 of the Dungeon
 10912 | D:10     | Noticed a green ugly thing
 10942 | D:9      | Killed a green ugly thing
 10942 | D:9      | Reached ** piety under Wu Jian
 10943 | D:9      | Reached XP level 11. HP: 63/103 MP: 14/14
 11176 | D:10     | Reached skill level 13 in Long Blades
 11369 | D:10     | Found Quddisk's Antique Weapon Shoppe.
 11565 | D:10     | Bought a transparent sling for 149 gold pieces
 11565 | D:10     | Identified the +9 sling of Doom {freeze, Str+4} (You bought
                  | it in a shop on level 10 of the Dungeon)
 11745 | D:10     | Noticed a two-headed ogre
 11756 | D:10     | Killed a two-headed ogre
 11994 | D:10     | Found a snail-covered altar of Cheibriados.
 12144 | D:10     | Noticed Psyche
 12150 | D:10     | Killed Psyche
 12151 | D:10     | Found a broken altar of Ashenzari.
 12210 | D:11     | Noticed a manticore
 12219 | D:11     | Killed a manticore
 12379 | D:11     | Found a transporter.
 12385 | D:11     | Noticed an orc sorcerer
 12395 | D:11     | Found a transporter.
 12484 | D:11     | Noticed an orc sorcerer
 12636 | D:11     | Noticed a two-headed ogre
 12646 | D:11     | Killed a two-headed ogre
 12647 | D:11     | Reached skill level 14 in Long Blades
 12755 | D:11     | Noticed a cyclops
 12761 | D:11     | Killed a cyclops
 12762 | D:11     | Reached skill level 5 in Dodging
 12805 | D:11     | Noticed a four-headed hydra
 12814 | D:11     | Killed a four-headed hydra
 13149 | D:11     | Reached XP level 12. HP: 116/116 MP: 15/15
 13191 | D:11     | Reached *** piety under Wu Jian
 13318 | D:11     | Found a staircase to the Lair.
 13511 | D:11     | Reached skill level 10 in Fighting
 13857 | D:12     | Found a runed translucent gate.
 13857 | D:12     | Found a runed translucent gate.
 13857 | D:12     | Found a runed translucent gate.
 13859 | D:12     | Noticed Jeffwins's ghost (journeyman HuHu)
 13883 | D:12     | Found Zoka's Firing Range.
 14320 | D:12     | Noticed a boulder beetle
 14340 | D:12     | Killed a boulder beetle
 14932 | D:12     | Found a runed translucent door.
 14932 | D:12     | Noticed a fire dragon
 14932 | D:12     | Noticed a centaur warrior
 14933 | D:12     | Found the ring of the Mage {Wiz Archmagi}
 14934 | D:12     | Noticed an ogre mage
 15019 | D:12     | Reached skill level 1 in Stealth
 15064 | D:12     | Noticed a boulder beetle
 15087 | D:12     | Killed a boulder beetle
 15107 | D:12     | Noticed a boulder beetle
 15544 | D:8      | Killed HilariousDeathArtist's ghost
 15811 | Lair:1   | Entered Level 1 of the Lair of Beasts
 16483 | D:11     | Reached **** piety under Wu Jian
 16923 | Lair:1   | Noticed a five-headed hydra
 16944 | Lair:1   | Reached skill level 5 in Stealth
 17175 | Lair:1   | Learned a level 3 spell: Lesser Beckoning
 17471 | Lair:1   | Gained mutation: You can use your snake-like lower body to
                  | constrict enemies. [Naga growth]
 17471 | Lair:1   | Reached XP level 13. HP: 114/123 MP: 17/19
 17477 | Lair:1   | Reached skill level 5 in Translocations
 18090 | Lair:2   | Found a hole to the Spider Nest.
 18421 | Lair:2   | Reached skill level 5 in Spellcasting
 19085 | Lair:2   | Found a staircase to the Swamp.
 20445 | Lair:4   | Found a viscous altar of Jiyva.
 20445 | Lair:4   | Found a staircase to the Slime Pits.
 20492 | Lair:4   | Found a gate leading to a gauntlet.
 20504 | Gauntlet | Entered a Gauntlet
 20504 | Gauntlet | Found a transporter.
 20504 | Gauntlet | Found a transporter.
 20505 | Gauntlet | Found a transporter.
 20509 | Gauntlet | Found a transporter.
 20519 | Gauntlet | Found a transporter.
 20523 | Gauntlet | Found a transporter.
 20533 | Gauntlet | Found a transporter.
 20625 | Gauntlet | Found a transporter.
 20627 | Gauntlet | Found a transporter.
 20637 | Gauntlet | Found a transporter.
 20639 | Gauntlet | Found a transporter.
 20651 | Gauntlet | Found a transporter.
 20950 | Gauntlet | Identified the ring of Edyafuecs {rC+ Str+6}
 20956 | Gauntlet | Identified the +2 pair of gloves "Puotzyps" {Harm Fly rF++
                  | rN+}
 21013 | Gauntlet | Identified the +3 plate armour of Omission {rF- Slay+5}
 21013 | Gauntlet | Noticed a minotaur
 21023 | Gauntlet | Killed a minotaur
 21553 | D:9      | Killed Newt's ghost
 21947 | D:11     | Learned a level 5 spell: Manifold Assault
 22244 | D:12     | Found a staircase to the Orcish Mines.
 22321 | D:12     | Reached skill level 10 in Stealth
 22361 | D:12     | Reached XP level 14. HP: 132/132 MP: 21/21
 22386 | D:12     | Identified the +7 long sword "Mud Pie of Death" {protect,
                  | rElec Will- Dex+4}
 22394 | D:12     | Identified the +8 morningstar of Entrepreneurial Spirit
                  | {holy, Will+ Int+4}
 22473 | D:12     | Killed Jeffwins's ghost
 22657 | Lair:4   | Reached ***** piety under Wu Jian
 22798 | Lair:4   | Reached skill level 10 in Dodging
 22933 | Lair:4   | Found a transporter.
 23041 | Lair:4   | Found a transporter.
 23132 | Lair:4   | Reached skill level 15 in Long Blades
 23137 | Lair:4   | Noticed Kirke
 23177 | Lair:4   | Killed Kirke
 23579 | Lair:4   | Identified the +2 helmet of Okawaru's Scorn {rElec Dex+2}
 24198 | D:10     | Bought a scorched great sword for 264 gold pieces
 24198 | D:10     | Identified the +12 great sword of Juikom {protect, rN+}
                  | (You bought it in a shop on level 10 of the Dungeon)
 24481 | D:13     | Noticed an orc warlord
 24482 | D:13     | Found a runed translucent door.
 24484 | D:13     | Noticed a sphinx
 24484 | D:13     | Noticed a stone giant
 24484 | D:13     | Noticed a war gargoyle
 24513 | D:13     | Noticed Urug
 24549 | D:13     | Killed Urug
 24567 | D:13     | Found a gate to the Vaults.
 24769 | D:13     | Identified the ring "Gohat Yva" {rN+ EV+4}
 26000 | D:14     | Found a shimmering blue altar of Sif Muna.
 26028 | D:14     | Found a runed translucent door.
 26031 | D:14     | Noticed Jekitz's ghost (journeyman MiBe)
 26477 | D:14     | Reached XP level 15. HP: 138/138 MP: 25/25
 26597 | D:14     | Learned a level 2 spell: Wereblood
 26780 | D:14     | Killed Jekitz's ghost
 26971 | D:15     | Entered Level 15 of the Dungeon
 27089 | D:15     | Reached skill level 10 in Translocations
 27280 | D:15     | Reached skill level 16 in Long Blades
 27310 | D:15     | Identified the +7 quarterstaff of the Lair of Beasts
                  | {vorpal, rElec rC+ Str+4 Int-5}
 27619 | D:15     | Found a staircase to the Depths.
 28329 | Orc:1    | Entered Level 1 of the Orcish Mines
 28480 | Orc:1    | Noticed an orc warlord
 28489 | Orc:1    | Killed an orc warlord
 28814 | Orc:2    | Entered Level 2 of the Orcish Mines
 28814 | Orc:2    | Found a frozen archway.
 28849 | IceCv    | Entered an ice cave
 29017 | IceCv    | Reached ****** piety under Wu Jian
 29353 | IceCv    | Noticed a frost giant
 29365 | IceCv    | Killed a frost giant
 30067 | Orc:2    | Found Ynodobb's Antique Armour Shoppe.
 30067 | Orc:2    | Found Xoopuc's Antique Weapon Shoppe.
 30712 | Orc:2    | Reached XP level 16. HP: 136/146 MP: 28/28
 30763 | Orc:2    | Found Nafuo's Assorted Antiques.
 30822 | Orc:2    | Reached skill level 1 in Transmutations
 30824 | Orc:2    | Reached skill level 1 in Ranged Weapons
 31181 | Orc:2    | Found Agon's Book Emporium.
 31316 | Orc:2    | Found a staircase to the Elven Halls.
 31426 | Orc:2    | Found an iron altar of Okawaru.
 31984 | D:13     | Reached skill level 17 in Long Blades
 31987 | D:13     | Killed a sphinx
 32520 | Swamp:1  | Entered Level 1 of the Swamp
 33490 | Swamp:1  | Noticed a thorn hunter
 33530 | Swamp:1  | Killed a thorn hunter
 35012 | Swamp:2  | Reached skill level 5 in Transmutations
 35396 | Swamp:3  | Noticed a tentacled monstrosity
 35484 | Swamp:3  | Noticed a fenstrider witch
 35487 | Swamp:3  | Killed a fenstrider witch
 35503 | Swamp:2  | Killed a tentacled monstrosity
 35671 | Swamp:3  | Reached skill level 5 in Ranged Weapons
 35848 | Swamp:3  | Found a radiant altar of Vehumet.
 35853 | Swamp:3  | Reached XP level 17. HP: 153/153 MP: 29/29
 36500 | Swamp:4  | Entered Level 4 of the Swamp
 36607 | Swamp:4  | Reached skill level 18 in Long Blades
 37695 | Swamp:4  | Got a decaying rune of Zot
 38422 | Spider:1 | Entered Level 1 of the Spider Nest
 38424 | Spider:1 | Identified the +0 cloak of Bezeqeil {Harm}
 38594 | Spider:1 | Noticed Dermit's ghost (adept DsBe)
 38674 | Spider:1 | Found a transporter.
 38676 | Spider:1 | Found a transporter.
 38676 | Spider:1 | Noticed Arachne
 38696 | Spider:1 | Reached skill level 19 in Long Blades
 38927 | Spider:1 | Identified the +1 chain mail of the Hills {rC++}
 39131 | Spider:1 | Noticed Aizul
 39160 | Spider:1 | Noticed Donald
 39166 | Spider:1 | Killed Aizul
 39172 | Spider:1 | Killed Donald
 39589 | Spider:2 | Reached XP level 18. HP: 160/160 MP: 30/30
 39591 | Spider:2 | Noticed Jorgrun
 39593 | Spider:2 | Killed Jorgrun
 41307 | Spider:3 | Reached skill level 20 in Long Blades
 41546 | Spider:3 | Identified the +6 dagger "Hofofim" {flame, MP+9}
 43030 | Spider:4 | Entered Level 4 of the Spider Nest
 44119 | Spider:4 | Reached XP level 19. HP: 168/168 MP: 31/31
 44652 | Spider:4 | Identified the +1 hat of the Grue {rPois rC+ Regen+ Slay+2}
 44674 | Spider:4 | Got a gossamer rune of Zot
 45077 | D:8      | Bought a book of the Warp for 416 gold pieces
 45085 | D:8      | Learned a level 6 spell: Dispersal
 45424 | Elf:1    | Entered Level 1 of the Elven Halls
 45446 | Elf:1    | Reached skill level 21 in Long Blades
 45670 | Elf:1    | Found Duam's Jewellery Emporium.
 46009 | Elf:1    | Reached skill level 10 in Ranged Weapons
 46461 | Elf:1    | Found a runed translucent door.
 46463 | Elf:1    | Noticed Pooter's ghost (adept MiBe)
 46720 | Elf:1    | Killed Pooter's ghost
 46818 | Elf:2    | Found a flickering gateway to a bazaar.
 46841 | Bazaar   | Entered a bazaar
 46973 | Bazaar   | Found Loevil's Assorted Antiques.
 47001 | Bazaar   | Found Qauddeab's Distillery.
 47021 | Bazaar   | Found Qaheh's Weapon Boutique.
 47031 | Bazaar   | Found Vaickiri's Jewellery Shop.
 47045 | Bazaar   | Found Mytaq's Distillery.
 47099 | Bazaar   | Bought 2 potions of heal wounds for 120 gold pieces
 47099 | Bazaar   | Bought a potion of curing for 36 gold pieces
 47099 | Bazaar   | Bought a potion of curing for 36 gold pieces
 47215 | Bazaar   | Bought a +1 great sword of holy wrath for 224 gold pieces
 47279 | Elf:2    | Noticed Wicel's ghost (adept MiBe)
 47281 | Elf:2    | Found a runed translucent door.
 47330 | Elf:2    | Found a runed translucent gate.
 47330 | Elf:2    | Found a runed translucent gate.
 47330 | Elf:2    | Found a runed translucent gate.
 48052 | Elf:2    | Killed Wicel's ghost
 48637 | Elf:2    | Reached skill level 22 in Long Blades
 48978 | Orc:2    | Bought a glowing triple sword for 351 gold pieces
 49588 | Spider:1 | Killed Arachne
 49589 | Spider:1 | Reached XP level 20. HP: 137/176 MP: 23/32
 49705 | Spider:1 | Killed Dermit's ghost
 50129 | Spider:1 | Identified the ring "Kenu" {rElec Will+ MP+9}
 50441 | Elf:3    | Entered Level 3 of the Elven Halls
 51427 | Elf:3    | Found a stormy altar of Qazlal.
 51918 | Elf:3    | Identified the +3 trident of Niyssem {flame, rElec Will+
                  | rCorr SInv}
 52015 | Elf:3    | Identified the amulet of Yxzied {Acrobat rF+ Str-5 Stlth+}
 52180 | Elf:3    | Identified the amulet of Idealism {RegenMP rN+ Will++ Int+4
                  | Stlth+}
 52182 | Elf:3    | Identified the amulet of Weklugis {Reflect Int+2 SH+5}
 52192 | Elf:3    | Identified the +4 whip of Wotzaschocogu {flame, Fly Str-2
                  | Int+7}
 52456 | Elf:3    | Identified the +8 hand axe of Buaguniq {protect, rC+}
 52738 | Elf:3    | Found the amulet of Vitality {RegenMP++ Regen++}
 52767 | Elf:3    | Learned a level 1 spell: Apportation
 52892 | Elf:3    | Identified the +1 helmet of the Marlin {rF+ Str+4}
 53070 | Orc:2    | Bought a translucent scale mail for 333 gold pieces
 53070 | Orc:2    | Identified the +11 scale mail of Day {Int+3} (You bought it
                  | in a shop on level 2 of the Orcish Mines)
 53318 | Vaults:1 | Entered Level 1 of the Vaults
 53385 | Vaults:1 | Reached skill level 1 in Armour
 53624 | Vaults:1 | Noticed Nikola
 53627 | Vaults:1 | Killed Nikola
 53766 | Vaults:1 | Reached skill level 5 in Armour
 53866 | Vaults:1 | Found a large runed translucent door.
 53867 | Vaults:1 | Found a large runed translucent door.
 53867 | Vaults:1 | Noticed Jeirass's ghost (legendary FoFi)
 54081 | Vaults:1 | Reached XP level 21. HP: 187/187 MP: 33/33
 54654 | Vaults:2 | Noticed Frederick
 54660 | Vaults:2 | Killed Frederick
 54753 | Vaults:2 | Found Oditaig's Assorted Antiques.
 54911 | Vaults:2 | Found a staircase to the Crypt.
 54989 | Vaults:2 | Noticed Asterion
 55006 | Vaults:2 | Killed Asterion
 55764 | Vaults:3 | Found a runed translucent gate.
 55764 | Vaults:3 | Found a runed translucent gate.
 55764 | Vaults:3 | Found a runed translucent gate.
 55764 | Vaults:3 | Noticed Switch's ghost (veteran DDFi)
 55815 | Vaults:3 | Found Seup's Distillery.
 55831 | Vaults:3 | Bought a potion of haste for 120 gold pieces
 55934 | Vaults:3 | Reached skill level 10 in Armour
 56333 | Vaults:3 | Found a portal to a secret trove of treasure.
 56574 | Vaults:3 | Reached XP level 22. HP: 199/199 MP: 34/34
 56934 | Vaults:3 | Found a viscous altar of Jiyva.
 57373 | Vaults:4 | Reached skill level 15 in Dodging
 57815 | Vaults:4 | Found Bonweucw's Antique Weapon Boutique.
 58338 | Vaults:1 | Killed Jeirass's ghost
 58345 | Vaults:1 | Identified the +4 mace "Dragonbane" {holy, Dex+3}
 58552 | Vaults:3 | Killed Switch's ghost
 58908 | Crypt:1  | Entered Level 1 of the Crypt
 58918 | Crypt:1  | Noticed Jory
 58924 | Crypt:1  | Noticed Vv
 59130 | Depths:1 | Entered Level 1 of the Depths
 59641 | Depths:1 | Found a one-way gate leading to the halls of Pandemonium.
 59693 | Depths:1 | Found a gateway to Hell.
 59915 | Depths:1 | Found a one-way gateway to a ziggurat.
 59976 | Depths:1 | Found a one-way gate to the infinite horrors of the Abyss.
 60372 | Depths:2 | Reached XP level 23. HP: 193/212 MP: 35/35
 60474 | Depths:2 | Noticed a juggernaut
 60477 | Depths:2 | Killed a juggernaut
 60478 | Depths:2 | Reached skill level 15 in Translocations
 60540 | Depths:2 | Identified the ring of Foq Xub {EV+4 Str+3 SInv}
 60622 | Depths:2 | Identified the +0 chain mail of Kokoloyt {-Tele rPois rF-
                  | rCorr Str+4}
 60724 | Depths:2 | Identified the +2 chain mail of the Stars {*Slow rF+ Str+4
                  | Int+6}
 60817 | Depths:2 | Identified the ring "Ytaje" {rC+ rN+ Will- MP+9 Slay+4}
 60999 | Depths:2 | Noticed the Enchantress
 61443 | Depths:2 | Killed the Enchantress
 62714 | Depths:3 | Found Esisseuji's Book Boutique.
 62714 | Depths:3 | Found Vialot's Jewellery Shoppe.
 62715 | Depths:3 | Found Osomor's Book Boutique.
 62988 | Depths:3 | Reached skill level 15 in Fighting
 63014 | Depths:3 | Found a glowing golden altar of the Shining One.
 63061 | Depths:4 | Entered Level 4 of the Depths
 63265 | Depths:4 | Reached skill level 15 in Armour
 63273 | Depths:4 | Reached XP level 24. HP: 126/225 MP: 35/35
 63382 | Depths:4 | Noticed a juggernaut
 63399 | Depths:4 | Killed a juggernaut
 63422 | Depths:4 | Found a stormy altar of Qazlal.
 63948 | Depths:4 | Found a gate to the Realm of Zot.
 64286 | Crypt:1  | Killed Jory
 64299 | Crypt:1  | HP: 11/225 [Vv (25)]
 64299 | Crypt:1  | HP: 5/225 [Vv (6)]
 64300 | Crypt:1  | Slain by a vampire knight

Illustrated notes

Levels and vault maps discovered:
D:1:      co_arrival_hexagon_in_a_hexagon, layout_loops_cross,
          grunt_decor_arrowhead, st_stairs_3
D:2:      layout_basic
D:3:      layout_basic, palyth_temple_overflow_mages,
          nicolae_overflow_ecumenical_swirl, uniq_jessica
D:4:      layout_layer_cave, nicolae_uskayaw_en_pointe
D:5:      layout_gridville, nicolae_ossuary_entry_ruins,
          hellmonk_bongcloud_opening, uniq_sigmund, uniq_blork_the_orc
D:6:      layout_loops_corners, uniq_eustachio
D:7:      layout_rooms, nzn_wu_jian_contemplation, minmay_temple_entry_waves,
          serial_shops, nicolae_shop_behind_doors, uniq_joseph
D:8:      layout_basic, chequers_temple_overflow_statue_of_worship,
          mainiacjoe_overflow_brackets, gammafunk_ghost_necromancy,
          nicolae_inconvenience_store
D:9:      layout_loops_ring, makhleb_altar_promises_db, fedhas_altar_4,
          biasface_ghost_orc_armoury, nicolae_eternal_life, wad_floor_pattern_1
D:10:     layout_rooms, lemuel_coloured_pillars_altar, slow_altar_1,
          serial_shops, nicolae_shop_hallway_plus, st_stairs_13,
          serial_bayou_lagoon_a, uniq_psyche
D:11:     gammafunk_wand_slinger, layout_long_grid, erik_lair_dragon
D:12:     layout_loops_cross, erik_orc_1, serial_glass, glass_columns_a,
          glass_columns_a, gammafunk_ghost_split, minmay_st_funbox,
          nicolae_shop_firing_range
D:13:     minmay_gate_of_8, layout_stronghold, david_vaults_3,
          serial_park_tiny_pond
D:14:     layout_roguey, ebering_ghost_reflecting_pool, minmay_misc_feat_alley,
          tgw_sif
D:15:     grunt_enter_depths_hoard, layout_cave_pools, minmay_misc_feat_columns
Lair:1:   beast_lair_carwin_large_1, layout_cave_pods,
          chequers_serial_rivers_micro_b, infiniplex_staircase_pool_2
Lair:2:   layout_long_grid, swamp_mist, hellmonk_spider_entry_life_and_decay,
          grunt_forest_stairs_basic
Lair:3:   layout_cave_pods, grunt_megastairs_2
Lair:4:   gammafunk_cloud_chamber, layout_concentric_octagons, slime_entry_1,
          gauntlet_entry_generic, infiniplex_staircase_pool, uniq_kirke
Swamp:1:  layout_basic_swamp, evilmike_swamp_ruin_house_4
Swamp:2:  layout_basic_swamp, evilmike_swamp_ruin_house_2, swamp_pool5
Swamp:3:  layout_falls_marsh, basic_altar, swamp_pool4
Swamp:4:  nzn_swamp_witches_coven, layout_basic_swamp, swamp_pool1
Spider:1: layout_spider_delve, nzn_ghost_randoct, uniq_donald, uniq_aizul
Spider:2: spider_temple_joshua, drop_trap, uniq_jorgrun
Spider:3: layout_spider_delve, uniq_arachne
Spider:4: spider_rune_water, spiders_nest_hornet_nest
Orc:1:    layout_caves
Orc:2:    st_orc_open, layout_caves, portal_ice_cave_entry_pillars_2,
          okawaru_metal_pillars_1_2
Elf:1:    nicolae_elf_arrival_no_cutting_in_line, layout_onion_city,
          serial_shops, shop_fountains, ebering_ghost_inner_flame,
          hangedman_elven_crosses_minicolossus
Elf:2:    elven_hall_of_blades_hangedman_original [mumra_blade_entry_dagger],
          layout_geoelf_grid, serial_shops, freezing_bzr,
          hellmonk_ghost_happy_afterlife
Elf:3:    elf_hall_gauntlet_narrow, layout_loops_ring, minivault_19,
          nicolae_elf_altarnating
Vaults:1: ebering_ghost_disaster_area, st_smaller_cells, ontoclasm_vaults_eye,
          nicolae_vaults_angled_halls, ontoclasm_vaults_tryst,
          hangedman_vaults_pinch, vaults_room_hallway, grunt_vaults_funnel,
          ontoclasm_vaults_twist, vaults_room_grid, nicolae_vaults_theta,
          hangedman_vaults_stitches, ontoclasm_vaults_decontamination,
          v_misc_23, layout_vaults_maze, uniq_nikola
Vaults:2: vaults_dpeg_ring, v_pattern_2, hangedman_vaults_slither,
          minmay_crypt_entry_simple_sparse, ontoclasm_vaults_chip,
          hangedman_vaults_variations, v_misc_25, nicolae_vaults_quartermaster,
          ontoclasm_vaults_fault, vaults_dpeg_hooks, layout_vaults_omnibox,
          serial_shops, shop, uniq_asterion, uniq_frederick
Vaults:3: gammafunk_ghost_ooze, v_misc_25, v_pattern_3, vaults_room_glass_cross,
          hangedman_vaults_restitches, v_misc_33, vaults_mumra_hexcomb,
          layout_vaults_omnigrid, nicolae_trove_entry_crystal, serial_shops,
          nicolae_square_shop
Vaults:4: hangedman_vaults_impose, hangedman_vaults_trim,
          hangedman_vaults_stream, nicolae_vaults_diagonal_hallway_8,
          nicolae_vaults_three_branches, nicolae_vaults_diagonal_hallway_6,
          hangedman_vaults_snaps, vaults_room_semicircle,
          hangedman_vaults_impose, nicolae_vaults_gold_heap,
          nicolae_vaults_mini_display_case, layout_vaults_big_room,
          serial_shops, shop
Crypt:1:  layout_misc_corridors, serial_sigils_hangedman_quiver,
          grunt_crypt_arrival_webbed, grunt_megastairs_3, uniq_jory,
          uniq_sojobo, uniq_vv, uniq_margery
Depths:1: layout_honeycomb, enter_ziggurat_f, minivault_14, hell_entry,
          grunt_pan_entry_zigzag, abyss_entry_small_statue_room,
          due_unseen_surprise
Depths:2: minmay_the_grid_octo_tiled_octocenter_mashed
          [minmay_the_grid_octo_tetromino_candy, minmay_the_grid_octo_pinwheel,
          minmay_the_grid_octo_thin_diamonds, minmay_the_grid_octo_toaster,
          minmay_the_grid_octo_prize_ultimate_mussel_roller,
          minmay_the_grid_square_5x5_percent, minmay_the_grid_square_5x5_lines,
          minmay_the_grid_square_5x5_half_checkered,
          minmay_the_grid_square_5x5_spiral], layout_gridlike, lightli_too_deep,
          amcnicky_mini_rare_corridor_liquid, pan_entry, firewood_loft,
          uniq_enchantress
Depths:3: nicolae_cairo_tiling_large, layout_cave_pools, minmay_room_of_horrors,
          nicolae_tso_swordbearing_angel, hell_entry, minmay_shop_grove
Depths:4: grunt_zot_entry_tricorne, layout_gridlike, hell_entry,
          grunt_qazlal_clouds, minmay_misc_feat_rugged

Skill      XL: |  1  2  3  4  5  6  7  8  9 10 11 12 13 14 15 16 17 18 19 20 21 22 23 24 |
---------------+-------------------------------------------------------------------------+-----
Long Blades    | 3 4 5 6 7 8 9 11 12 14 15 16 17 19 20 22 | 22.0
Evocations     | 2 4 5 6 8 9 |  9.0
Fighting       | 3 4 6 7 9 10 11 12 13 15 | 15.1
Dodging        | 3 5 8 9 10 11 12 13 14 15 | 15.1
Stealth        | 5 10 | 10.0
Spellcasting   | 4 5 7 8 |  8.0
Translocations | 4 7 9 11 12 14 16 18 | 18.0
Transmutations | 5 |  5.0
Ranged Weapons | 5 7 9 10 11 | 11.9
Armour         | 6 10 12 15 | 15.1
Throwing       | |  0.8

Action                   |  1- 3 |  4- 6 |  7- 9 | 10-12 | 13-15 | 16-18 | 19-21 | 22-24 || total
-------------------------+-------+-------+-------+-------+-------+-------+-------+-------++-------
Melee: Falchion          |    55 |     8 |    36 |    65 |    47 |       |       |       ||   211
       Punch             |     1 |       |     1 |    14 |    11 |       |       |       ||    27
       Dagger            |       |    53 |   182 |   653 |   255 |     2 |     5 |       ||  1150
       Constrict         |       |       |       |       |   141 |   159 |   213 |   191 ||   704
       Great sword       |       |       |       |       |   411 |   723 |  1091 |   288 ||  2513
       Long sword        |       |       |       |       |    95 |    29 |       |       ||   124
       Triple sword      |       |       |       |       |       |       |       |   851 ||   851
 Fire: Sling             |       |    41 |   143 |   139 |   265 |   508 |   221 |       ||  1317
Throw: Boomerang         |       |       |       |     8 |     5 |     1 |       |       ||    14
 Cast: Blink             |       |       |       |     2 |     1 |     3 |     3 |       ||     9
       Manifold Assault  |       |       |       |       |       |       |    95 |    22 ||   117
       Wereblood         |       |       |       |       |       |       |     1 |     2 ||     3
       Apportation       |       |       |       |       |       |       |     1 |       ||     1
Invok: Lunge             |       |       |       |    39 |    38 |    61 |    95 |    75 ||   308
       Whirlwind         |       |       |       |     4 |    41 |    34 |    85 |    65 ||   229
       Serpent's Lash    |       |       |       |       |    11 |    10 |     5 |    10 ||    36
       Heavenly Storm    |       |       |       |       |     1 |       |       |     2 ||     3
 Abil: Spit Poison       |    30 |    26 |    41 |    66 |    24 |     2 |       |       ||   189
       Wall Jump         |       |       |       |       |       |       |     1 |     3 ||     4
Evoke: Wand              |       |       |       |     1 |     2 |     3 |       |     1 ||     7
       Condenser vane    |       |       |       |       |     1 |       |       |       ||     1
       Lightning rod     |       |       |       |       |       |     4 |       |       ||     4
  Use: Scroll            |       |     5 |     3 |     5 |     5 |     3 |     3 |     8 ||    32
       Potion            |       |     1 |     2 |     3 |     6 |     4 |       |     4 ||    20
 Stab: Sleeping          |     2 |     1 |       |     1 |     6 |     7 |    28 |    15 ||    60
       Invisible         |       |       |       |       |     8 |     2 |       |     7 ||    17
       Distracted        |       |       |       |       |     1 |     1 |     4 |     5 ||    11
Armor: Leather armour    |    10 |    10 |       |       |       |       |       |       ||    20
       Robe              |       |     9 |    73 |   181 |   266 |   343 |   115 |       ||   987
       Skin              |       |       |       |       |    67 |       |       |       ||    67
       Scale mail        |       |       |       |       |       |       |   262 |   459 ||   721
Dodge: Dodged            |    20 |    39 |    68 |   297 |   442 |   548 |   489 |   497 ||  2400

Table legend: (Time is in decaauts)
 A = Elapsed time spent in this place.
 B = Non-inter-level travel time spent in this place.
 C = Inter-level travel time spent in this place.
 D = Time resting spent in this place.
 E = Time spent auto-exploring this place.
 F = Levels seen in this place.
 G = Mean time per level.
                   A        B        C        D        E       F      G
               +--------+--------+--------+--------+--------+-----+--------+
         Total |  77379 |  66245 |  11134 |  16061 |  33789 |  45 | 1719.5 |
       Dungeon |  30105 |  24311 |   5794 |   6419 |  13076 |  15 | 2007.0 |
          Lair |   7330 |   6246 |   1084 |   1581 |   3413 |   4 | 1832.5 |
         Swamp |   6286 |   5712 |    574 |   2380 |   2069 |   4 | 1571.5 |
   Spider Nest |   7880 |   7091 |    789 |   2060 |   3191 |   4 | 1970.0 |
  Orcish Mines |   2673 |   2330 |    343 |    791 |   1042 |   2 | 1336.5 |
   Elven Halls |   6850 |   6164 |    686 |   1442 |   2911 |   3 | 2283.3 |
        Vaults |   7221 |   5976 |   1245 |    164 |   3893 |   4 | 1805.2 |
         Crypt |     52 |     52 |      0 |      0 |     12 |   1 |   52.0 |
        Depths |   5878 |   5265 |    613 |    259 |   3352 |   4 | 1469.5 |
        Bazaar |    527 |    527 |      0 |    127 |    141 |   1 |  527.0 |
       Ossuary |    517 |    517 |      0 |    212 |    141 |   1 |  517.0 |
      Ice Cave |   1252 |   1252 |      0 |    535 |    361 |   1 | 1252.0 |
      Gauntlet |    803 |    803 |      0 |     89 |    183 |   1 |  803.0 |
               +--------+--------+--------+--------+--------+-----+--------+

Top non-repeatable levels by time:
    D:11: 5881 daAuts
   Elf:3: 2873 daAuts
    D:12: 2870 daAuts
     D:9: 2763 daAuts
Spider:3: 2332 daAuts
    D:13: 2318 daAuts
Vaults:3: 2314 daAuts
  Lair:2: 2112 daAuts
 Swamp:1: 2049 daAuts
     D:8: 2022 daAuts
Spider:2: 2015 daAuts
   Elf:1: 2001 daAuts
   Elf:2: 1975 daAuts
     D:4: 1970 daAuts
Spider:1: 1942 daAuts
